 Dungeon Crawl Stone Soup version 0.28.0-43-g3370ac3207 (webtiles) character file.

Game seed: 4476430794397301228

165594 boopmooplesden the Slayer (level 17, -6/178 HPs)
             Began as a Minotaur Berserker on Mar 30, 2022.
             Was the Champion of Trog.
             Shot with a bolt by Vashnia (26 damage)
             ... on level 4 of the Snake Pit.
             The game lasted 00:55:54 (26902 turns).

boopmooplesden the Slayer (Minotaur Berserker)     Turns: 26902, Time: 00:55:55

Health: -6/178     AC: 30    Str: 26    XL:     17   Next: 28%
Magic:  25/25      EV: 14    Int:  6    God:    Trog [******]
Gold:   533        SH: 20    Dex: 18    Spells: 16/16 levels left

rFire   + . .      SeeInvis +   a - +4 broad axe (venom)
rCold   + . .      Faith    .   O - +4 kite shield
rNeg    + + .      Spirit   .   E - +8 chain mail of Pandemonium {Str+4}
rPois   +          Reflect  .   G - +1 hat
rElec   +          Harm     .   c - +2 cloak
rCorr   +          Rampage  .   f - +0 pair of gloves of Shielding {rElec Regen+ MP+9}
Will    ++...                   u - +0 pair of boots
Stlth   ..........              h - amulet "Sacriqum" {rN+ Regen+ SInv Stlth-}
HPRegen 1.99/turn               s - ring of Agnosticism {rF+ rN+ rCorr Slay+2}
MPRegen 0.19/turn               r - ring "Hiuff" {rPois rC+ Will+ Str-2}

@: lethally poisoned (-6 -> -6), weakened, on berserk cooldown, slowed, very
slow
A: horns 2, retaliatory headbutt, claws 1, talons 1, agile 2
a: Renounce Religion, Berserk, Trog's Hand, Brothers in Arms


You were on level 4 of the Snake Pit.
You worshipped Trog.
Trog was exalted by your worship.
You visited 4 branches of the dungeon, and saw 27 of its levels.
You also visited: Gauntlet.

You collected 3900 gold pieces.
You spent 3367 gold pieces at shops.

Inventory:

Hand Weapons
 a - a +4 broad axe of venom (weapon)
 b - the +6 hand crossbow "Zaihiziw" {penet, rF+}
   (You found it in a Gauntlet)

   Any ammunition fired by it passes through the targets it hits, potentially
   hitting all targets in its path until it reaches maximum range.
   rF:        It protects you from fire.
 L - the +9 dagger of Macvio {vorpal, *Rage Str+5}
   (You found it on level 14 of the Dungeon)

   It inflicts extra damage upon your enemies.
   Str:       It affects your strength (+5).
   *Rage:     It berserks you when you make melee attacks (+20% chance).
 V - the +10 lajatang "Luohes" {flame, Str+3}
   (Trog gifted it to you on level 15 of the Dungeon)

   It burns those it strikes, dealing additional fire damage.
   Big, fiery blades are also staple armaments of hydra-hunters.
   Str:       It affects your strength (+3).
Missiles
 t - 317 bolts
Armour
 c - a +2 cloak (worn)
 f - the +0 pair of gloves of Shielding (worn) {rElec Regen+ MP+9}
   (You acquired it on level 3 of the Dungeon)

   rElec:     It insulates you from electricity.
   MP:        It affects your magic capacity (+9).
   Regen:     It increases your rate of health regeneration.
 u - a +0 pair of boots (worn)
 D - the +1 plate armour of the Land of Plenty {Harm +Inv}
   (You bought it in a shop on level 2 of the Orcish Mines)

   +Inv:      It lets you turn invisible.
   Harm:      It increases damage dealt and taken.
 E - the +8 chain mail of Pandemonium (worn) {Str+4}
   (You acquired it on level 11 of the Dungeon)

   Str:       It affects your strength (+4).
 G - a +1 hat (worn)
 N - the +1 fire dragon scales of the Evening Star {rF++ rC- Int+4 Dex+4}
   (You bought it in a shop on level 2 of the Orcish Mines)

   Int:       It affects your intelligence (+4).
   Dex:       It affects your dexterity (+4).
   rF:        It greatly protects you from fire.
   rC:        It makes you vulnerable to cold.
 O - a +4 kite shield (worn)
Jewellery
 h - the amulet "Sacriqum" (around neck) {rN+ Regen+ SInv Stlth-}
   (You bought it in a shop on level 1 of the Snake Pit)

   [amulet of regeneration]

   rN:        It protects you from negative energy.
   SInv:      It lets you see invisible.
   Regen:     It increases your rate of health regeneration.
   Stlth:     It makes you less stealthy.
 l - a ring of ice
 p - an amulet of faith
 q - a ring of positive energy
 r - the ring "Hiuff" (right hand) {rPois rC+ Will+ Str-2}
   (You found it in a Gauntlet)

   [ring of willpower]

   Str:       It affects your strength (-2).
   rC:        It protects you from cold.
   rPois:     It protects you from poison.
   Will:      It increases your willpower.
 s - the ring of Agnosticism (left hand) {rF+ rN+ rCorr Slay+2}
   (You took it off a minotaur in a Gauntlet)

   [ring of positive energy]

   Slay:      It affects your accuracy & damage with ranged weapons and melee
   (+2).
   rF:        It protects you from fire.
   rN:        It protects you from negative energy.
   rCorr:     It protects you from acid and corrosion.
 F - a +4 ring of slaying
 I - the ring of Wu Jian's Displeasure {Contam rF+++ rN+}
   (You found it in a Gauntlet)

   [ring of positive energy]

   rF:        It renders you almost immune to fire.
   rN:        It protects you from negative energy.
   Contam:    It causes magical contamination when unequipped.
 T - the ring "Orchip" {rN+ Dex+6}
   (You found it on level 14 of the Dungeon)

   [ring of dexterity]

   Dex:       It affects your dexterity (+6).
   rN:        It protects you from negative energy.
 Z - a +4 ring of evasion
Wands
 k - a wand of digging (11)
 v - a wand of iceblast (36)
 x - a wand of polymorph (15)
 y - a wand of flame (28)
 Q - a wand of paralysis (7)
Scrolls
 e - 2 scrolls of holy word
 j - 4 scrolls of summoning
 B - a scroll of teleportation
 C - 6 scrolls of magic mapping
 J - 2 scrolls of silence
 K - a scroll of fear
 M - 2 scrolls of enchant weapon
 S - a scroll of blinking
 X - 8 scrolls of identify
 Y - a scroll of fog
Potions
 d - 2 potions of heal wounds
 g - 5 potions of attraction
 i - 8 potions of lignification
 m - 4 potions of flight
 n - 6 potions of haste
 o - 11 potions of curing
 w - 2 potions of cancellation
 z - 4 potions of might
 A - 3 potions of brilliance
 H - 3 potions of resistance
 P - 2 potions of ambrosia
 R - a potion of invisibility
 U - 3 potions of magic
Miscellaneous
 W - a box of beasts


   Skills:
 + Level 22.9 Fighting
 - Level 14.0 Axes
 - Level 3.0 Crossbows
 + Level 17.5 Armour
 + Level 9.7 Dodging
 + Level 4.3 Stealth
 + Level 20.1 Shields
 + Level 0.3 Evocations


You had 16 spell levels left.
You didn't know any spells.
Your spell library was empty.

Dungeon Overview and Level Annotations

Branches:
Dungeon (15/15)            Temple (0/1) D:4            Lair (6/6) D:11
 Shoals (0/4) Lair:4        Snake (4/4) Lair:2        Slime (0/5) Lair:5
    Orc (2/2) D:10            Elf (0/3) Orc:2        Vaults (0/5) D:13
 Depths (0/4) D:15        Gauntlet (visited)

Altars:
Ashenzari
Dithmenos
Gozag
Hepliaklqana
Kikubaaqudgha
Makhleb
Ru
Sif Muna
Trog
Uskayaw
Vehumet
Wu Jian
Yredelemnul
Zin
The Shining One
Beogh
Jiyva

Shops:
D:5 (?   D:9 [   D:11 (   Orc:2 [!:*   Snake:1 *(=   Snake:3 =

Portals:
Pandemonium: Orc:2

Annotations:
Lair:1 exclusion: oklob plant
Snake:4 3 runed translucent doors, Vashnia


Innate Abilities, Weirdness & Mutations

You have a pair of horns on your head.
You reflexively headbutt those who attack you in melee.
You have sharp fingernails.
You have sharp toenails.
You are very agile. (Dex +4)


Message History

You are engulfed in flames!
You resist.
The salamander throws a stone.
You block the stone.
You slash the salamander tyrant!
The salamander tyrant looks as sick as possible!
The salamander tyrant is severely wounded.
You feel sick.
The salamander no longer looks unusually strong.
The naga sharpshooter gestures wildly while chanting.
The naga sharpshooter magically shoots an arrow.
The arrow hits you!
The naga sharpshooter shoots an arrow.
You block the arrow.
You barely miss the salamander tyrant. You headbutt the salamander tyrant.
The salamander tyrant is almost dead.
The salamander tyrant gazes fiercely through you!
You feel as though you will be weak longer.
You block the salamander's attack.
You are no longer berserk.
You are exhausted.
You feel yourself slow down.
You feel sick.
Vashnia shoots a bolt.
The bolt hits you!
* * * LOW HITPOINT WARNING * * *
x2 The naga sharpshooter shoots an arrow.
The arrow hits you!
* * * LOW HITPOINT WARNING * * *
The naga sharpshooter shoots an arrow.
The arrow hits you.
* * * LOW HITPOINT WARNING * * *
x2 The salamander tyrant calls gouts of flame from the lava!
The flame surge hits you. You resist.
* * * LOW HITPOINT WARNING * * *
You block the salamander's attack.
Blink to where?
Press: ? - help, Dir - move target A naga warrior, a nagaraja and a naga come into view.
The naga warrior is wielding a +0 flail and wearing a +2 kite shield of reflection.
As you read the scroll of blinking, it crumbles to dust.
You feel sick.
The naga warrior shouts!
The naga shouts!
You kill the salamander tyrant!
Trog accepts your kill.
Trog appreciates your killing of a magic user.
Vashnia shoots a bolt.
The bolt hits you!!
You die...

.......# #......#
.......###......# #####
.......#........##.... .
######.##.#######..N. ..
#.##.# ##...≈ .≈N #.##.#
#...§ ≈≈≈§ #.##.# ...
≈≈§≈ #.##.# ####'#≈≈§§§§
######.##.# #...@..§≈≈§
........#.# #.......§§§
######..#.###.......≈≈N.
...........<#......≈§§≈.
###.###.#...#N.k..≈≈§≈§≈
# #.....#####NN≈§≈≈≈§§≈≈
# ####### ##)§N§§§≈≈≈≈ §
# ##.§§N§§###### #
##.§§§≈###


You could see Vashnia (very poisoned), a naga warrior, a nagaraja, 3 naga
sharpshooters, a salamander, a lindwurm and a naga.

Vanquished Creatures
  A tentacled monstrosity (D:14)
  Jorgrun (Orc:2)
  Agnes (Snake:3)
  Donald (Orc:2)
  An orc warlord (Orc:1)
  Aizul (Snake:4)
  Nessos (D:14)
  A minotaur (Gauntlet)
  A dire elephant (Lair:6)
  A blizzard demon (Gauntlet)
  Josephine (Lair:5)
  A yaktaur captain (D:12)
  A great orb of eyes (D:14)
  Harold (D:7)
  A salamander tyrant (Snake:4)
  9 naga warriors
  11 hydras
  A catoblepas (Lair:6)
  7 anacondas
  7 boulder beetles
  A death knight (D:14)
  A vault guard (D:13)
  2 demonspawn (Orc:2)
  2 two-headed ogres
  3 centaur warriors
  9 death yaks (Lair:6)
  A deep troll shaman (Lair:6)
  4 naga sharpshooters
  A vampire mage (D:15)
  2 tengu warriors (D:13)
  7 orc high priests
  Urug (Lair:3)
  7 shock serpents
  2 soul eaters (Orc:2)
  A sixfirhy (Orc:2)
  A salamander mystic (Snake:2)
  14 skeletal warriors
  A sea snake (Snake:4)
  A flayed ghost (D:12)
  5 naga ritualists
  A deep elf archer (Orc:1)
  A necromancer (D:15)
  Pikel (D:7)
  5 orc knights
  A wizard (D:14)
  6 deep elf pyromancers
  2 lindwurms (Snake:4)
  9 mana vipers
  9 ugly things
  A sphinx zombie (D:15)
  8 orc sorcerers
  16 slime creatures
  5 cyclopes
  5 manticores
  A fire giant zombie (D:15)
  A frost giant zombie (D:15)
  A centaur zombie (D:11)
  21 elephants
  A worldbinder (Gauntlet)
  33 black mambas
  11 cane toads
  12 salamanders
  An orange demon (Orc:2)
  7 naga magi
  A gargoyle (D:12)
  Maggie (D:7)
  3 yaktaurs (D:15)
  An efreet (D:13)
  2 demonic crawlers (D:14)
  3 rime drakes
  5 komodo dragons
  2 red devils (Orc:2)
  A tengu conjurer (D:13)
  2 ice devils (Gauntlet)
  A guardian mummy (D:15)
  A polar bear (shapeshifter) (D:15)
  9 trolls
  2 polar bears
  Grinder (D:5)
  9 blink frogs
  A large abomination (D:14)
  A culicivora (shapeshifter) (D:15)
  2 shadows
  3 wyverns
  A vampire (D:12)
  5 wraiths (Lair:5)
  A ynoxinul (Gauntlet)
  3 water elementals
  47 yaks
  2 chaos spawn (D:14)
  8 vampire mosquitoes
  5 basilisks
  4 steam dragons
  A tengu zombie (D:15)
  Duvessa (D:6)
  3 wargs
  An acid dragon (D:11)
  43 nagas
  A naga (shapeshifter) (D:15)
  18 water moccasins
  25 orc warriors
  A meliai simulacrum (D:12)
  5 black bears
  A sky beast (D:6)
  2 necrophages
  2 boggarts (Gauntlet)
  10 ogres
  20 centaurs
  23 wolves
  2 lemures (D:7)
  4 phantoms
  5 small abominations (D:14)
  A kobold brigand (D:7)
  11 bullfrogs
  A gnoll sergeant (D:7)
  5 scorpions
  A water moccasin skeleton (D:5)
  Dowan (D:6)
  A troll zombie (D:10)
  8 killer bees
  4 electric eels
  3 howler monkeys
  4 jellies
  A lava snake (D:9)
  2 bullfrog zombies
  7 hounds
  23 orc priests
  2 iron imps (Gauntlet)
  Terence (D:2)
  2 iguanas
  17 orc wizards
  13 hell rats
  7 ogre zombies (D:10)
  5 gnolls (D:7)
  A howler monkey skeleton (D:7)
  An adder (D:5)
  A shadow imp (D:8)
  3 white imps
  A worm (D:4)
  6 dart slugs
  79 orcs
  3 ball pythons
  8 endoplasms
  2 giant cockroaches
  12 hobgoblins
  3 jackals (D:1)
  7 kobolds
  4 quokkas
  4 bats
  2 frilled lizards (D:1)
  15 goblins
  3 goblin skeletons (D:10)
  3 goblin zombies (D:10)
  A hobgoblin skeleton (D:10)
  A hobgoblin zombie (D:10)
  5 orc skeletons (D:10)
  12 orc zombies (D:10)
  6 rats
873 creatures vanquished.

Vanquished Creatures (collateral kills)
  2 orc high priests (Orc:2)
  An orc warrior (Orc:2)
3 creatures vanquished.

Vanquished Creatures (others)
  An ogre mage (D:12)
  An orc warrior (Orc:2)
  12 fungi
  50 plants
64 creatures vanquished.

Grand Total: 940 creatures vanquished

Notes
Turn   | Place    | Note
-------+----------+-------------------------------------------
     0 | D:1      | boopmooplesden the Minotaur Berserker began the quest for
                  | the Orb.
     0 | D:1      | Reached XP level 1. HP: 19/19 MP: 0/0
   206 | D:1      | Reached XP level 2. HP: 27/27 MP: 1/1
   377 | D:1      | Found a faded altar of an unknown god.
   447 | D:1      | Reached skill level 4 in Fighting
   808 | D:1      | Reached XP level 3. HP: 33/33 MP: 2/2
  1065 | D:2      | Found a radiant altar of Vehumet.
  1106 | D:2      | Reached ** piety under Trog
  1474 | D:2      | Noticed Terence
  1483 | D:2      | Killed Terence
  1484 | D:2      | Reached skill level 5 in Axes
  1484 | D:2      | Reached XP level 4. HP: 41/41 MP: 3/3
  1676 | D:3      | Found a glowing silver altar of Zin.
  1794 | D:3      | HP: 3/61 [something/magic dart (8)]
  2143 | D:3      | Reached XP level 5. HP: 37/47 MP: 4/4
  2315 | D:3      | Reached skill level 5 in Fighting
  2750 | D:3      | Found an opulent altar of Gozag.
  2766 | D:3      | Found a shimmering blue altar of Sif Muna.
  2895 | D:3      | Identified a scroll of acquirement
  2895 | D:3      | Acquired the +0 pair of gloves of Shielding {rElec Regen+
                  | MP+9}
  3040 | D:4      | Reached XP level 6. HP: 56/56 MP: 5/5
  3104 | D:4      | Found a staircase to the Ecumenical Temple.
  3182 | D:4      | Reached skill level 5 in Armour
  3183 | D:4      | Reached *** piety under Trog
  3199 | D:4      | Reached XP level 7. HP: 42/61 MP: 6/6
  3485 | D:5      | Entered Level 5 of the Dungeon
  3533 | D:5      | Found a shadowy altar of Dithmenos.
  3602 | D:5      | Noticed Grinder
  3614 | D:5      | Paralysed by Grinder for 2 turns
  3617 | D:5      | Killed Grinder
  3624 | D:5      | Found Joegripo's Magic Scroll Boutique.
  3712 | D:5      | Reached skill level 6 in Fighting
  3712 | D:5      | Reached XP level 8. HP: 70/70 MP: 7/7
  3781 | D:5      | Found Koif's Weapon Emporium.
  4067 | D:6      | Reached skill level 1 in Shields
  4443 | D:6      | Reached skill level 10 in Axes
  4470 | D:6      | Found a broken altar of Ashenzari.
  4568 | D:6      | Found a bloodstained altar of Trog.
  4636 | D:6      | Found a glowing golden altar of the Shining One.
  4665 | D:6      | Reached XP level 9. HP: 78/78 MP: 8/8
  4675 | D:6      | Reached skill level 7 in Fighting
  4728 | D:6      | Noticed Dowan
  4729 | D:6      | Found an ornate altar of the Wu Jian Council.
  4729 | D:6      | Noticed Duvessa
  4746 | D:6      | Killed Duvessa
  4749 | D:6      | Killed Dowan
  5008 | D:7      | Found a hazy altar of Hepliaklqana.
  5016 | D:7      | Found a basalt altar of Yredelemnul.
  5200 | D:7      | Noticed Pikel
  5214 | D:7      | Killed Pikel
  5367 | D:7      | Reached **** piety under Trog
  5621 | D:7      | Noticed Maggie
  5632 | D:7      | Killed Maggie
  5672 | D:7      | Noticed Harold
  5688 | D:7      | Killed Harold
  5689 | D:7      | Reached XP level 10. HP: 56/88 MP: 9/9
  5997 | D:8      | Reached skill level 8 in Fighting
  6268 | D:8      | Noticed a two-headed ogre
  6277 | D:8      | Killed a two-headed ogre
  6278 | D:8      | Reached skill level 5 in Shields
  6855 | D:9      | Found Liub's Armour Shoppe.
  7174 | D:9      | Reached skill level 9 in Fighting
  7573 | D:9      | Reached skill level 10 in Armour
  7581 | D:9      | Reached XP level 11. HP: 97/97 MP: 10/10
  8408 | D:10     | Entered Level 10 of the Dungeon
  8440 | D:10     | Found a burning altar of Makhleb.
  8494 | D:10     | Found a sacrificial altar of Ru.
  8553 | D:10     | Found a hide-covered altar of Uskayaw.
  8644 | D:10     | Found a staircase to the Orcish Mines.
  9296 | D:10     | Reached ***** piety under Trog
  9416 | D:11     | Reached skill level 5 in Dodging
  9485 | D:11     | Found Adwiyk's Weapon Emporium.
  9505 | D:11     | Found a staircase to the Lair.
  9554 | D:11     | Reached skill level 10 in Fighting
  9716 | D:11     | Noticed a boulder beetle
  9736 | D:11     | Killed a boulder beetle
 10224 | D:11     | Found an ancient bone altar of Kikubaaqudgha.
 10395 | D:11     | Acquired the +8 chain mail of Pandemonium {Str+4}
 10560 | D:10     | Reached skill level 1 in Stealth
 10779 | Lair:1   | Entered Level 1 of the Lair of Beasts
 10880 | Lair:1   | Noticed a six-headed hydra
 10888 | Lair:1   | Killed a seven-headed hydra
 11054 | Lair:1   | Reached skill level 11 in Fighting
 11110 | Lair:1   | Noticed an oklob plant
 11943 | Lair:2   | Reached XP level 12. HP: 103/110 MP: 11/11
 12017 | Lair:2   | Found a staircase to the Snake Pit.
 12087 | Lair:2   | Reached skill level 12 in Fighting
 12908 | Lair:3   | Reached skill level 10 in Shields
 12926 | Lair:3   | Noticed Urug
 12942 | Lair:3   | Killed Urug
 12943 | Lair:3   | Reached skill level 13 in Fighting
 13248 | Lair:3   | Noticed a six-headed hydra
 13258 | Lair:3   | Killed a nine-headed hydra
 13323 | Lair:3   | Noticed a four-headed hydra
 13332 | Lair:3   | Killed an eight-headed hydra
 13774 | Lair:4   | Found a staircase to the Shoals.
 13900 | Lair:4   | Received a gift from Trog
 14033 | Lair:4   | Noticed a seven-headed hydra
 14038 | Lair:4   | Killed a ten-headed hydra
 14039 | Lair:4   | Reached XP level 13. HP: 122/122 MP: 12/12
 14596 | Lair:5   | Noticed Josephine
 14606 | Lair:5   | Killed Josephine
 14789 | Lair:5   | Reached skill level 14 in Fighting
 15053 | Lair:5   | Found a staircase to the Slime Pits.
 15056 | Lair:5   | Found a viscous altar of Jiyva.
 15257 | Lair:6   | Entered Level 6 of the Lair of Beasts
 15778 | Lair:6   | Noticed a dire elephant
 15791 | Lair:6   | Killed a dire elephant
 15792 | Lair:6   | Reached skill level 15 in Armour
 16042 | Lair:6   | Reached skill level 15 in Fighting
 16042 | Lair:6   | Reached XP level 14. HP: 135/135 MP: 13/13
 16266 | Lair:6   | Received a gift from Trog
 17494 | D:12     | Reached skill level 16 in Fighting
 17552 | D:12     | Identified the +3 shortbow of Duuxzyxi {speed, *Slow +Blink
                  | rCorr Int-2}
 18038 | D:13     | Found a gate leading to a gauntlet.
 18046 | Gauntlet | Entered a Gauntlet
 18046 | Gauntlet | Found a transporter.
 18046 | Gauntlet | Found a transporter.
 18046 | Gauntlet | Found a transporter.
 18048 | Gauntlet | Found a transporter.
 18056 | Gauntlet | Found a transporter.
 18059 | Gauntlet | Found a transporter.
 18071 | Gauntlet | Found a runed translucent door.
 18071 | Gauntlet | Found a runed translucent door.
 18074 | Gauntlet | Found a transporter.
 18075 | Gauntlet | Found a transporter.
 18076 | Gauntlet | Found a transporter.
 18078 | Gauntlet | Found a transporter.
 18163 | Gauntlet | Found a transporter.
 18205 | Gauntlet | Identified the ring "Hiuff" {rPois rC+ Will+ Str-2}
 18206 | Gauntlet | Identified the ring of Wu Jian's Displeasure {Contam rF+++
                  | rN+}
 18224 | Gauntlet | Found a transporter.
 18234 | Gauntlet | Identified the ring of Agnosticism {rF+ rN+ rCorr Slay+2}
 18248 | Gauntlet | Identified the +6 hand crossbow "Zaihiziw" {penet, rF+}
 18248 | Gauntlet | Identified the -4 helmet of Valiance {rN+++ Str-3 Dex+3
                  | Stlth+}
 18323 | D:13     | Reached skill level 17 in Fighting
 18336 | D:13     | Found a gate to the Vaults.
 18963 | D:14     | Reached skill level 15 in Shields
 18972 | D:14     | Reached ****** piety under Trog
 18973 | D:14     | Reached skill level 1 in Crossbows
 18989 | D:14     | Reached XP level 15. HP: 147/147 MP: 14/14
 19001 | D:14     | Received a gift from Trog
 19190 | D:14     | Found a runed translucent door.
 19400 | D:14     | Noticed Nessos
 19417 | D:14     | Killed Nessos
 19492 | D:14     | Reached skill level 18 in Fighting
 19550 | D:14     | Identified the +9 dagger of Macvio {vorpal, *Rage Str+5}
 19864 | D:14     | Noticed a tentacled monstrosity
 19884 | D:14     | Killed a tentacled monstrosity
 20091 | D:14     | Identified the ring "Orchip" {rN+ Dex+6}
 20691 | D:15     | Entered Level 15 of the Dungeon
 20949 | D:15     | Reached skill level 19 in Fighting
 21052 | D:15     | Identified the +10 lajatang "Luohes" {flame, Str+3} (Trog
                  | gifted it to you on level 15 of the Dungeon)
 21052 | D:15     | Received a gift from Trog
 21158 | D:15     | Found a staircase to the Depths.
 21676 | Orc:1    | Entered Level 1 of the Orcish Mines
 21839 | Orc:1    | Noticed an orc warlord
 21846 | Orc:1    | Received a gift from Trog
 21861 | Orc:1    | Killed an orc warlord
 21869 | Orc:1    | Reached skill level 20 in Fighting
 22115 | Orc:2    | Entered Level 2 of the Orcish Mines
 22115 | Orc:2    | Noticed Jorgrun
 22125 | Orc:2    | Killed Jorgrun
 22200 | Orc:2    | Found a staircase to the Elven Halls.
 22333 | Orc:2    | Noticed Donald
 22346 | Orc:2    | Killed Donald
 22465 | Orc:2    | Found Kicwaw's General Store.
 22466 | Orc:2    | Found Doheirin's Distillery.
 22486 | Orc:2    | Reached XP level 16. HP: 165/165 MP: 15/15
 22771 | Orc:2    | Reached skill level 21 in Fighting
 22806 | Orc:2    | Received a gift from Trog
 22902 | Orc:2    | Found Ceerph's Book Emporium.
 22902 | Orc:2    | Found Kuut's Antique Armour Shoppe.
 22902 | Orc:2    | Found a one-way gate leading to the halls of Pandemonium.
 22906 | Orc:2    | Bought scorched fire dragon scales for 2015 gold pieces
 22906 | Orc:2    | Identified the +1 fire dragon scales of the Evening Star
                  | {rF++ rC- Int+4 Dex+4} (You bought it in a shop on level 2
                  | of the Orcish Mines)
 23180 | Snake:1  | Entered Level 1 of the Snake Pit
 23207 | Snake:1  | Acquired 923 gold pieces
 23385 | Orc:2    | Bought a masterwork plate armour for 868 gold pieces
 23385 | Orc:2    | Identified the +1 plate armour of the Land of Plenty {Harm
                  | +Inv} (You bought it in a shop on level 2 of the Orcish
                  | Mines)
 23698 | Snake:1  | Gained mutation: You tend to lose your temper in combat.
                  | [mutagenic glow]
 23756 | Snake:1  | Found Raavvean's General Store.
 23855 | Snake:1  | Found Ligat Qeal's Jewellery Emporium.
 23891 | Snake:1  | Bought the amulet "Sacriqum" {rN+ Regen+ SInv Stlth-} for
                  | 484 gold pieces
 23902 | Snake:1  | Found a hide-covered altar of Uskayaw.
 24344 | Snake:1  | Found Motuemm's Weapon Emporium.
 24753 | Snake:2  | Lost mutation: You tend to lose your temper in combat.
                  | [potion of mutation]
 24753 | Snake:2  | Gained mutation: You have sharp toenails. [potion of
                  | mutation]
 24753 | Snake:2  | Gained mutation: You are agile. (Dex +2) [potion of
                  | mutation]
 24753 | Snake:2  | Gained mutation: You are very agile. (Dex +4) [potion of
                  | mutation]
 24753 | Snake:2  | Gained mutation: You have sharp fingernails. [potion of
                  | mutation]
 24784 | Snake:2  | Reached skill level 22 in Fighting
 24909 | Snake:2  | Received a gift from Trog
 25602 | Snake:3  | Reached XP level 17. HP: 178/178 MP: 16/16
 25677 | Snake:3  | Noticed Agnes
 25689 | Snake:3  | Killed Agnes
 26477 | Snake:3  | Found Nopnac's Jewellery Emporium.
 26538 | Snake:4  | Entered Level 4 of the Snake Pit
 26605 | Snake:4  | Found a runed translucent gate.
 26606 | Snake:4  | Found a runed translucent gate.
 26606 | Snake:4  | Found the +1 robe of Vines {NoPotionHeal Regen++++}
 26609 | Snake:4  | Found a runed translucent gate.
 26698 | Snake:4  | Noticed Aizul
 26713 | Snake:4  | Killed Aizul
 26871 | Snake:4  | Noticed Vashnia
 26902 | Snake:4  | Shot with a bolt by Vashnia

Illustrated notes

Levels and vault maps discovered:
D:1:      heliophobic_arrival_henge, layout_basic,
          ebering_ecumenical_altar_mist, amcnicky_mini_rare_corridor_liquid,
          chequers_jeans, nicolae_figureground_sparkle
D:2:      layout_rooms, basic_altar, uniq_terence
D:3:      layout_rooms, led_sif_pool, mainiacjoe_overflow_cross_hatched,
          grunt_gozag_statues, minmay_pentangle
D:4:      layout_rooms, minmay_temple_entry_crystal_x
D:5:      black_bear_nest_1, layout_rooms, mainiacjoe_overflow_surrounded_room,
          serial_shops, nicolae_shop_behind_doors, nicolae_shop_stone,
          uniq_grinder
D:6:      layout_basic, nicolae_wu_jian_wuxing_cycle,
          ashenzari_conservatory_becter, trog_butcher_becter, lemuel_tele_altar,
          hex_intersection, uniq_duvessa
D:7:      layout_loops_cross, nicolae_hepliaklqana_hazy_memory,
          general_overflow_altar, hangedman_decor_lopped, uniq_harold,
          uniq_maggie, uniq_pikel
D:8:      layout_cave_pods, kennysheep_generic_room_10
D:9:      layout_loops_ring, serial_shops, nicolae_inconvenience_store
D:10:     layout_rooms, amcnicky_altar_gilded, lemuel_doored_altar,
          eat_drink_and_be_merry_uskayaw, zombieorc2_lemuel, special_room
          [special_room_orc], chequers_mini_garden
D:11:     layout_gridville, lair_entry_dummy, serial_shops,
          nicolae_shop_bloodbath_and_beyond, kennysheep_big_empty_room,
          kiku_gazebo_pond_becter
D:12:     kennysheep_four_of_diamonds, layout_loops_corners
D:13:     layout_loops_cross, david_vaults_5, gauntlet_entry_generic
D:14:     cheibrodos_body_horror, layout_irregular_city,
          chequers_serial_rivers_room_a, grunt_decor_arrowhead,
          minmay_starry_boxes, uniq_nessos
D:15:     gammafunk_depths_entry_grave, layout_irregular_city
Lair:1:   layout_cave_pods, minmay_lair_oklob_bushes
Lair:2:   layout_gridlike, guppyfry_snake_entry_garden, grunt_megastairs_4,
          serial_bayou_shore_b
Lair:3:   layout_cave_pods, st_stairs_8, uniq_urug
Lair:4:   layout_cave_pods, minmay_shoals_entry_centaurs,
          infiniplex_staircase_pool
Lair:5:   layout_misc_corridors, slime_altar_1, chequers_serial_rivers_small_3,
          grunt_megastairs_2, uniq_josephine
Lair:6:   grunt_lair_end_beastmaster, layout_hall_layers
Snake:1:  layout_gridlike, serial_shops,
          nicolae_shop_temple_entry_statues_fountains, shop, nicolae_shop_stone,
          basic_altar, nicolae_snake_round_shape_thing, st_stairs_3,
          lemuel_fruit_tree, serial_bayou_shore_b, grunt_megastairs_3
Snake:2:  nicolae_snakescales, layout_cave_town, nicolae_snake_omega
Snake:3:  layout_grid_maze, serial_shops, nicolae_shop_statue_plus, uniq_agnes
Snake:4:  snake_pit_salamanders_mu, layout_basic, gammafunk_ghost_cemetery,
          serial_bayou_shore_a, uniq_vashnia, uniq_aizul
Orc:1:    layout_caves, elf_legates
Orc:2:    pf_orc_diabolical, layout_caves, mines5_lemuel, uniq_jorgrun,
          uniq_donald

Skill      XL: |  1  2  3  4  5  6  7  8  9 10 11 12 13 14 15 16 17 |
---------------+----------------------------------------------------+-----
Axes           | 4 5 6 7 8 10 12 14 | 14.0
Fighting       | 4 5 6 7 9 11 13 15 17 20 22 | 22.9
Armour         | 3 4 5 7 8 10 12 13 15 16 17 | 17.5
Dodging        | 3 4 6 7 8 9 |  9.7
Shields        | 2 4 6 8 11 13 15 17 19 20 | 20.1
Stealth        | 1 2 3 4 |  4.3
Crossbows      | 1 3 |  3.0
Evocations     | |  0.3

Action                   |  1- 3 |  4- 6 |  7- 9 | 10-12 | 13-15 | 16-18 || total
-------------------------+-------+-------+-------+-------+-------+-------++-------
Melee: Hand axe          |    90 |   118 |   228 |       |       |       ||   436
       Headbutt          |    14 |    10 |    54 |   137 |   276 |   158 ||   649
       Punch             |       |     3 |     1 |       |       |       ||     4
       War axe           |       |       |       |   486 |       |       ||   486
       Broad axe         |       |       |       |    72 |   968 |   536 ||  1576
 Fire: Hand crossbow     |       |       |       |       |    41 |       ||    41
Invok: Berserk           |     3 |     2 |    10 |    17 |    22 |     8 ||    62
       Brothers in Arms  |       |       |       |       |       |     1 ||     1
Evoke: Wand              |       |       |       |     2 |     2 |       ||     4
       Box of beasts     |       |       |       |       |     1 |       ||     1
  Use: Scroll            |     3 |     5 |       |    16 |    14 |     5 ||    43
       Potion            |       |       |       |       |     4 |     2 ||     6
 Stab: Petrified         |       |       |       |       |     9 |       ||     9
       Petrifying        |       |       |       |       |     1 |       ||     1
       Paralysed         |       |       |       |       |     1 |       ||     1
Armor: Animal skin       |    10 |       |       |       |       |       ||    10
       Ring mail         |    14 |       |       |       |       |       ||    14
       Chain mail        |       |    68 |    93 |   300 |   532 |   194 ||  1187
Dodge: Dodged            |    54 |    43 |    64 |   214 |   346 |   196 ||   917
Block: Kite shield       |       |       |    74 |   352 |   755 |   622 ||  1803
